 Dungeon Crawl Stone Soup version 0.21-a0-137-g951aa02 (webtiles) character file.

225 namelastname112 the Scratcher (level 5, -4/25 HPs)
             Began as a Felid Chaos Knight on July 18, 2017.
             Killed from afar by an orc wizard (7 damage)
             ... with a puff of flame
             ... on level 4 of the Dungeon.
             The game lasted 00:07:08 (5639 turns).

namelastname112 the Scratcher (Felid Chaos Knight)  Turns: 5639, Time: 00:07:09

Health: -4/25      AC:  1    Str:  8    XL:     5   Next: 68%
Magic:  12/15      EV: 20    Int: 15    God:    Xom [*.....]
Gold:   181        SH:  0    Dex: 17    Spells: 4/4 levels left
                                        Lives:  0   Deaths: 1

rFire    . . .     SeeInvis +     - Unarmed
rCold    . . .     Gourm    .   (shield unavailable)
rNeg     . . .     Faith    .   (armour unavailable)
rPois    .         Spirit   .   (helmet unavailable)
rElec    .         Reflect  .   (cloak unavailable)
rCorr    .         Harm     .   (gloves unavailable)
MR       .....                  (boots unavailable)
Stlth    +++.......             (no amulet)
HPRegen  0.08/turn              p - +2 ring of dexterity
MPRegen  0.14/turn              l - ring of magical power

@: quick
A: no armour, no weapons or thrown items, stealth, claws 1, fangs 3, see
invisible, carnivore 3, speed 1, shaggy fur 1, slow metabolism 1, sharp paws
a: Renounce Religion


You were on level 4 of the Dungeon.
You worshipped Xom.
You were a special plaything of Xom.
You were not hungry.

You visited 1 branch of the dungeon, and saw 4 of its levels.

You collected 181 gold pieces.

Inventory:

Jewellery
 l - a ring of magical power (right paw)
 p - a +2 ring of dexterity (left paw)
Wands
 o - a wand of lightning (0/15)
Scrolls
 c - a scroll of teleportation
 d - a scroll of noise {unknown}
 e - 4 scrolls of identify {unknown}
 g - 4 scrolls of remove curse {unknown}
 i - a scroll of immolation {unknown}
 j - a scroll of enchant weapon {unknown}
 k - a scroll of fog {unknown}
Potions
 b - a potion of haste {unknown}
 f - 2 potions of magic {unknown}
 h - 2 potions of flight {unknown}
Comestibles
 a - 3 meat rations
 n - a royal jelly


   Skills:
 + Level 4.0 Fighting
 + Level 4.5 Dodging
 + Level 4.3 Stealth
 * Level 5.0 Unarmed Combat


You had 4 spell levels left.
You didn't know any spells.

Dungeon Overview and Level Annotations

Branches:
Dungeon (4/15)             Temple (0/1) D:4

Altars:
Cheibriados
Elyvilon
Vehumet
Zin
The Shining One

Annotations:
D:4 Edmund


Innate Abilities, Weirdness & Mutations

You cannot wear armour.
You are incapable of wielding weapons or throwing items.
Your paws allow you to move quietly. (Stealth)
You have sharp claws.
You have razor-sharp teeth.
You have supernaturally acute eyesight. (SInv)
You are carnivorous and can eat meat at any time.
You cover ground quickly.
You are covered in fur. (AC +1)
You have a slow metabolism.
Your sharp claws are effective at attacking unaware monsters.


Message History

The orc wizard completely misses you.
You closely miss the orc wizard.
The orc wizard is severely wounded.
The orc wizard completely misses you.
You closely miss the orc wizard.
The orc wizard is severely wounded.
The orc wizard points at you and mumbles some strange words.
You easily resist.
You closely miss the orc wizard.
The orc wizard is severely wounded.
The orc priest calls down the wrath of Beogh upon you.
Beogh smites you!
Ouch! That really hurt!
* * * LOW HITPOINT WARNING * * *
You take 17 damage, and have 2/25 hp.
MASSIVE DAMAGE!!
You are too injured to fight recklessly!
Unknown command.
The orc wizard gestures at you while chanting.
The puff of flame hits you!
You die...

#.# #.# #.# #.#
#.# #.# #.# #@#
#. ###.# #.
#..o#######.# ##
#.#..o.o....#
#.#.######### #
#.# ##### #
#.##########...#
#
#..............#
#
############...#
#


You could see an orc wizard (invisible).

Vanquished Creatures
  A phantom (D:4)
  A jelly (D:4)
  An orc priest (D:4)
  2 worker ants (D:4)
  5 adders
  A worm (D:2)
  5 dart slugs
  4 leopard geckos
  7 orcs
  6 bats
  7 giant cockroaches
  4 goblins
  7 hobgoblins
  8 kobolds
  A quokka (D:2)
  A ball python (D:2)
  5 frilled lizards
  6 rats
72 creatures vanquished.

Vanquished Creatures (others)
  A dart slug (D:3)
  A leopard gecko (D:3)
  A leopard gecko zombie (D:3)
3 creatures vanquished.

Grand Total: 75 creatures vanquished

Notes
Turn   | Place    | Note
-------+----------+-------------------------------------------
     0 | D:1      | namelastname112 the Felid Chaos Knight began the quest for the Orb.
     0 | D:1      | Reached XP level 1. HP: 10/10 MP: 2/2
   209 | D:1      | Reached skill level 1 in Stealth
   211 | D:1      | Reached XP level 2. HP: 4/14 MP: 3/3
   705 | D:1      | XOM: harmless Fire miscast
  1093 | D:2      | XOM is BORED!
  1093 | D:2      | XOM: mild Conj miscast
  1124 | D:2      | XOM: scenery: 2 doors open, 1 doors close
  1368 | D:2      | Reached XP level 3. HP: 13/17 MP: 4/4
  1389 | D:2      | XOM: harmless Tmut miscast
  2600 | D:2      | Found a white marble altar of Elyvilon.
  2611 | D:2      | Found a glowing golden altar of the Shining One.
  2611 | D:2      | Found a glowing silver altar of Zin.
  2912 | D:2      | Reached XP level 4. HP: 12/21 MP: 5/5
  3220 | D:3      | XOM: stealth player
  3227 | D:3      | Found a radiant altar of Vehumet.
  3401 | D:3      | Reached skill level 4 in Unarmed Combat
  3402 | D:3      | XOM: butterfly on damage
  3579 | D:3      | XOM: medium Ice miscast
  3658 | D:3      | XOM: harmless Chrm miscast
  3735 | D:3      | Found a snail-covered altar of Cheibriados.
  4130 | D:3      | XOM: smoke on damage
  4259 | D:3      | XOM is BORED!
  4363 | D:3      | XOM: mild Necr miscast
  4538 | D:4      | Reached XP level 5. HP: 17/23 MP: 6/6
  4754 | D:4      | XOM is BORED!
  4754 | D:4      | XOM: medium Pois miscast
  4984 | D:4      | Found a staircase to the Ecumenical Temple.
  4990 | D:4      | Noticed Edmund
  5013 | D:4      | XOM: summons 2 hostile demons
  5019 | D:4      | HP: 1/25 [ufetubus[Xom] (3)]
  5020 | D:4      | Killed from afar by an orc wizard
  5021 | D:4      | Reached XP level 4. HP: -7/22 MP: 5/5
  5021 | D:4      | Noticed a phantom
  5021 | D:4      | XOM: noise
  5025 | D:4      | XOM: fake destruction
  5143 | D:4      | XOM: harmless Ice miscast
  5159 | D:4      | Killed a phantom
  5159 | D:4      | Reached skill level 5 in Unarmed Combat
  5159 | D:4      | Reached XP level 5. HP: 11/25 MP: 6/6
  5483 | D:4      | XOM: noise
  5639 | D:4      | Killed from afar by an orc wizard

Vault maps used:
D:1:      dpeg_arrival_more_subterranean_lakeside_camping
D:2:      good_gods_mini_temple, grunt_ministairs_7
D:3:      fiery_altar_vehumet, kennysheep_slug_shrine, nicolae_underground_beach
D:4:      minmay_temple_entry_grid, first_bread, grunt_ministairs_11,
          uniq_edmund

Skill      XL: |  1  2  3  4 |
---------------+-------------+-----
Stealth        | 1 2 4 |  4.3
Dodging        | 4 |  4.5
Unarmed Combat | 5 |  5.0
Fighting       | 4 |  4.0

Action                   |  1- 3 |  4- 6 || total
-------------------------+-------+-------++-------
Melee: Unarmed           |   138 |   152 ||   290
       Bite              |    15 |    11 ||    26
       Punch             |     1 |     1 ||     2
Evoke: Wand              |       |     3 ||     3
  Use: Potion            |       |     5 ||     5
       Scroll            |       |     1 ||     1
 Stab: Sleeping          |     8 |     9 ||    17
  Eat: Chunk             |    11 |     3 ||    14
Armor: Skin              |     8 |     1 ||     9
Dodge: Dodged            |   144 |   128 ||   272
